 Dungeon Crawl Stone Soup version 0.25-a0-185-g6cfeca75b2 (webtiles) character file.

Game seed: 14908591681273373983, levelgen mode: deterministic

102 night the Firebug (level 4, -2/38 HPs)
             Began as a Naga Fire Elementalist on Nov 28, 2019.
             Slain by an orc
             ... wielding a +0 club
              (5 damage)
             ... on level 3 of the Dungeon.
             The game lasted 00:06:47 (2714 turns).

night the Firebug (Naga Fire Elementalist)          Turns: 2714, Time: 00:06:47

Health: -2/38      AC:  2    Str: 11    XL:     4   Next: 77%
Magic:  1/7        EV: 10    Int: 16    God:
Gold:   118        SH:  0    Dex: 11    Spells: 2/8 levels left

rFire    . . .     SeeInvis +   a - +0 dagger
rCold    . . .     Gourm    .   (no shield)
rNeg     . . .     Faith    .   d - +0 robe
rPois    +         Spirit   .   (no helmet)
rElec    .         Reflect  .   (no cloak)
rCorr    +         Harm     .   (no gloves)
MR       .....                  (no barding)
Stlth    ++........             (no amulet)
HPRegen  0.12/turn              n - ring of resist corrosion
MPRegen  0.10/turn              (no ring)

@: very slow
A: large, see invisible, deformed body, poison resistance, slowness 2, slow
metabolism 1, spit poison 1, AC +1
a: Spit Poison


You were on level 3 of the Dungeon.
You were hungry.

You visited 1 branch of the dungeon, and saw 3 of its levels.

You collected 118 gold pieces.

Inventory:

Hand Weapons
 a - a +0 dagger (weapon)
 b - a +0 trident
Missiles
 o - 2 silver javelins (quivered)
Armour
 d - a +0 robe (worn)
 h - +0 fire dragon scales
Jewellery
 n - a ring of resist corrosion (left hand)
Scrolls
 f - a scroll of identify
 k - a scroll of magic mapping {unknown}
Potions
 e - a potion of lignification {unknown}
 g - a potion of berserk rage {unknown}
 i - 2 potions of agility
 j - 2 potions of might {unknown}
 l - a potion of curing {unknown}
 m - a potion of mutation {unknown}
Comestibles
 c - 5 rations


   Skills:
 + Level 1.4 Fighting
 + Level 0.5 Armour
 - Level 1.5 Dodging
 - Level 3.0 Stealth
 + Level 2.5 Spellcasting
 + Level 2.4 Conjurations
 + Level 3.8 Fire Magic


You had 2 spell levels left.
You knew the following spells:

 Your Spells              Type           Power        Failure   Level  Hunger
a - Flame Tongue          Conj/Fire      ##...        5%          1    #......
b - Throw Flame           Conj/Fire      ##....       9%          2    ##.....
c - Conjure Flame         Conj/Fire      ##......     16%         3    ###....

Your spell library contained the following spells:

 Spells                   Type           Power        Failure   Level  Hunger
 Inner Flame              Hex/Fire       #.......     26%         3    ###....
 Sticky Flame             Conj/Fire      ##......     47%         4    #####..
 Fireball                 Conj/Fire      ##........   83%         5    ######.


Dungeon Overview and Level Annotations

Branches:
Dungeon (3/15)

Altars:
Uskayaw
Wu Jian


Innate Abilities, Weirdness & Mutations

You cannot wear boots.
Your serpentine skin is tough. (AC +1)
You have supernaturally acute eyesight. (SInv)
Armour fits poorly on your strangely shaped body.
Your system is resistant to poisons. (rPois)
You cover ground very slowly.
You have a slow metabolism.
You can spit poison.


Message History

You barely miss the orc.
The orc is heavily wounded.
The orc barely misses you.
You closely miss the orc.
The orc is heavily wounded.
The orc hits you with a +0 hand axe.
* * * LOW HITPOINT WARNING * * *
The orc throws a boomerang.
The boomerang misses you.
The weapon returns to the orc!
Casting: Flame Tongue (safe; 5% risk of failure)
Confirm with . or Enter, or press ? or * to list all spells.
Aiming: Flame Tongue (safe; 5% risk of failure)
Press: ? - help, Shift-Dir - straight line, f - orc
Aim: an orc, wielding a +0 hand axe (heavily wounded)
The flame tongue hits the orc!
You kill the orc!
You hit the orc.
The orc is heavily wounded.
The orc hits you with a +0 club.
You die...

.... ##.... #.....
#########.....
#............. #
####.[....#......
...#.######.....#####.#####
........##).##### #..#
#.##..o@.# #.## #.....##.#
###.# .<....####### #...#
#####. ##.### # ####..## #.
##......####.# #.#
###.......>....#
#..####...........###
#................#


You could see an orc.

Vanquished Creatures
  An orc wizard (D:3)
  2 adders
  2 worms (D:3)
  2 dart slugs
  An orc (D:3)
  2 giant cockroaches
  7 goblins
  7 hobgoblins
  4 jackals (D:1)
  6 kobolds
  A ball python (D:3)
  5 bats
  5 frilled lizards
  3 rats
48 creatures vanquished.

Notes
Turn   | Place    | Note
-------+----------+-------------------------------------------
     0 | D:1      | night the Naga Fire Elementalist began the quest for the
                  | Orb.
     0 | D:1      | Reached XP level 1. HP: 15/15 MP: 3/3
     7 | D:1      | Noticed a minotaur skeleton
   227 | D:1      | Reached XP level 2. HP: 21/22 MP: 1/5
   296 | D:1      | Learned a level 2 spell: Throw Flame
   849 | D:1      | Reached XP level 3. HP: 30/30 MP: 3/6
   854 | D:1      | Learned a level 3 spell: Conjure Flame
  1337 | D:2      | Reached skill level 1 in Fighting
  1591 | D:2      | Found an ornate altar of the Wu Jian Council.
  2065 | D:3      | Found a hide-covered altar of Uskayaw.
  2065 | D:3      | Noticed a +0 dagger
  2065 | D:3      | Noticed a +0 hand axe
  2297 | D:3      | Reached XP level 4. HP: 36/38 MP: 7/7
  2714 | D:3      | Slain by an orc

Levels and vault maps discovered:
D:1:      shiori_arrival_whats_in_store_for_you, layout_basic
D:2:      layout_basic, lemuel_doored_altar, first_ration
D:3:      layout_rooms, dancing_weapons_uskayaw, gup_sewer_entry_spiral,
          kennysheep_generic_room_5

Skill      XL: |  1  2  3 |
---------------+----------+-----
Fighting       | 1 |  1.4
Conjurations   | 2 |  2.4
Armour         | |  0.5
Dodging        | |  1.5
Stealth        | |  3.0
Spellcasting   | |  2.5
Fire Magic     | |  3.8

Action                   |  1- 3 |  4- 6 || total
-------------------------+-------+-------++-------
Melee: Unarmed           |     1 |       ||     1
       Dagger            |    40 |    15 ||    55
 Cast: Flame Tongue      |    40 |     7 ||    47
       Throw Flame       |    20 |     5 ||    25
 Abil: Spit Poison       |     4 |     1 ||     5
  Use: Scroll            |     5 |       ||     5
 Stab: Sleeping          |     1 |       ||     1
  Eat: Chunk             |     5 |     1 ||     6
Armor: Robe              |     8 |     1 ||     9
       Fire dragon scale |     5 |     1 ||     6
Dodge: Dodged            |    43 |     5 ||    48

Table legend:
 A = Non-vault XP
 B = Vault XP
 C = Vault XP percentage of total XP
 D = Non-vault monster count
 E = Vault monster count
 F = Vault count percentage of total count
                 A         B        C        D         E       F
            +---------+---------+-------+---------+---------+-------
      Total |     126 |      20 |  13.7 |      45 |       3 |   6.2
            +---------+---------+-------+---------+---------+-------
        D:1 |      46 |       0 |   0.0 |      27 |       0 |   0.0
        D:2 |      23 |       0 |   0.0 |       8 |       0 |   0.0
        D:3 |      57 |      20 |  26.0 |      10 |       3 |  23.1
            +---------+---------+-------+---------+---------+-------
